 Dungeon Crawl Stone Soup version 0.26.1-11-gd32895ea62 (webtiles) character file.

Game seed: 6415119578007653095

670395 bnorton916 the Executioner (level 27, -25/164 HPs)
             Began as a Formicid Fighter on June 29, 2021.
             Was an Initiate of Gozag.
             Killed from afar by an orb of fire (41 damage)
             ... with a bolt of fire
             ... on level 5 of the Realm of Zot on June 30, 2021.
             The game lasted 04:28:18 (92632 turns).

bnorton916 the Executioner (Formicid Fighter)      Turns: 92632, Time: 04:28:19

Health: -25/164    AC: 24    Str: 38      XL:     27
Magic:  33/37      EV: 14    Int: 14 (15) God:    Gozag
Gold:   3961       SH: 25    Dex: 17 (18) Spells: 29/54 levels left

rFire    + . .     SeeInvis +   J - +8 frozen axe "Frostbite" {freezing cloud, *Noise +Fly rC+}
rCold    + + .     Faith    .   V - +2 tower shield {rC+}
rNeg     + + +     Spirit   .   Y - +5 pearl dragon scales
rPois    +         Reflect  .   (helmet unavailable)
rElec    +         Harm     .   L - +2 cloak {rCorr}
rCorr    +         Rampage  .   h - +1 pair of gloves of Fettoh {rF+ rN+ Int-3 Slay+3}
Will     ++++.                  N - +2 pair of boots {run}
Stlth    +.........             T - amulet of Darkness {Fragile Will++ Regen+ Str+3 Slay+2}
HPRegen  0.77/turn              e - ring of Memm {rPois rN+ Str+6 Dex+3 Stlth+}
MPRegen  0.25/turn              b - ring "Netru Qargh" {rElec Str+6 Int+4}

@: studying Hexes, quick
A: permanent stasis, dig shafts and tunnels, four strong arms, antennae 3,
clever 1, deformed body, deterioration 1, frail 3, low mp 1, screaming 1, weak
1, subdued magic 2, MP-powered wands
}: 3/15 runes: serpentine, barnacled, silver
a: Dig, Shaft Self, Renounce Religion, Evoke Flight, Potion Petition, Call
Merchant, Bribe Branch


You were on level 5 of the Realm of Zot.
You worshipped Gozag.
Gozag was most pleased with you.
You visited 10 branches of the dungeon, and saw 50 of its levels.
You visited the Abyss 1 time.

You collected 35511 gold pieces.
You spent 13741 gold pieces at shops.
You paid 17809 gold pieces to Gozag.

Inventory:

Hand Weapons
 H - a +3 bardiche of flaming
 J - the +8 frozen axe "Frostbite" (weapon) {freezing cloud, *Noise +Fly rC+}
   (You bought it in a shop on level 4 of the Dungeon)

   It has been specially enchanted to freeze those struck by it, causing extra
   injury to most foes and up to half again as much damage against particularly
   susceptible opponents.
   It can also slow down cold-blooded creatures.
   It protects you from cold.
   It lets you fly.
   It may make noises in combat.
 K - a +9 executioner's axe of electrocution
 R - the +1 executioner's axe "Cekimuni" {flame, rElec rC+ Int+7 SInv}
   (You acquired it on level 4 of the Depths)

   It has been specially enchanted to burn those struck by it, causing extra
   injury to most foes and up to half again as much damage against particularly
   susceptible opponents.
   Big, fiery blades are also staple armaments of hydra-hunters.
   It affects your intelligence (+7).
   It protects you from cold.
   It insulates you from electricity.
   It lets you see invisible.
Missiles
 x - 15 curare-tipped darts (quivered)
Armour
 h - the +1 pair of gloves of Fettoh (worn) {rF+ rN+ Int-3 Slay+3}
   (You found it on level 4 of the Realm of Zot)

   It affects your intelligence (-3).
   It affects your accuracy and damage with ranged weapons and melee attacks
   (+3).
   It protects you from fire.
   It protects you from negative energy.
 z - a +2 pair of gloves of strength
 L - a +2 cloak of preservation (worn)
 M - the +4 swamp dragon scales of Ashenzari's Approval {rPois Int+6}
   (You bought it in a shop on level 1 of the Lair of Beasts)

   It affects your intelligence (+6).
   It protects you from poison.
 N - a +2 pair of boots of running (worn)
 V - a +2 tower shield of cold resistance (worn)
 Y - +5 pearl dragon scales (worn)
Jewellery
 b - the ring "Netru Qargh" (right hand) {rElec Str+6 Int+4}
   (You took it off an orc on level 8 of the Dungeon)

   [ring of strength]

   It affects your strength (+6).
   It affects your intelligence (+4).
   It insulates you from electricity.
 e - the ring of Memm (left hand) {rPois rN+ Str+6 Dex+3 Stlth+}
   (You bought it in a shop on level 1 of the Lair of Beasts)

   [ring of strength]

   It affects your strength (+6).
   It affects your dexterity (+3).
   It protects you from poison.
   It protects you from negative energy.
   It makes you more stealthy.
 n - an uncursed amulet of reflection
 P - the ring of Moodiness {rC++ EV+4 Str+4 SInv Stlth-}
   (You found it on level 11 of the Dungeon)

   [ring of evasion]

   It affects your evasion (+4).
   It affects your strength (+4).
   It greatly protects you from cold.
   It lets you see invisible.
   It makes you less stealthy.
 T - the amulet of Darkness (around neck) {Fragile Will++ Regen+ Str+3 Slay+2}
   (You took it off a spriggan air mage on level 4 of the Depths)

   [amulet of regeneration]

   It affects your strength (+3).
   It affects your accuracy and damage with ranged weapons and melee attacks
   (+2).
   It affects your willpower, your defense against some magical effects.
   It increases your rate of regeneration.
   It will be destroyed if unequipped.
 W - the ring "Finuag" {+Fly rElec rN+ Dex-5}
   (You took it off a deep elf sorcerer on level 4 of the Depths)

   [ring of flight]

   It affects your dexterity (-5).
   It insulates you from electricity.
   It protects you from negative energy.
   It lets you fly.
 X - an uncursed ring of positive energy
 Z - the ring "Lauzad" {Fire +Inv}
   (You took it off a spriggan air mage on level 4 of the Depths)

   [ring of fire]

   It enhances your fire magic.
   It protects you from fire.
   It makes you vulnerable to cold.
   It lets you turn invisible.
Wands
 c - a wand of digging (8)
 o - a wand of iceblast (55)
 v - a wand of random effects (47)
 D - a wand of disintegration (30)
 I - a wand of flame (65)
 O - a wand of acid (5)
 Q - a wand of paralysis (38)
 S - a wand of polymorph (43)
 U - a wand of enslavement (32)
Scrolls
 a - 2 scrolls of brand weapon
 g - 15 scrolls of remove curse
 i - 31 scrolls of identify
 j - 2 scrolls of summoning
 p - 15 scrolls of fear
 q - 3 scrolls of silence
 w - 9 scrolls of fog
 y - 2 scrolls of magic mapping
 G - 5 scrolls of amnesia
Potions
 f - 19 potions of curing
 k - 6 potions of cancellation
 m - 6 potions of might
 r - 9 potions of attraction
 s - 2 potions of magic
 t - 14 potions of ambrosia
 u - 3 potions of flight
 B - 11 potions of brilliance
 C - a potion of resistance
 E - 7 potions of lignification
 F - 8 potions of heal wounds
Books
 d - a manual of Hexes
Miscellaneous
 l - a lightning rod (4/4)
 A - a box of beasts


   Skills:
 + Level 23.3 Fighting
 - Level 24.2(26.0) Axes
 - Level 18.1(23.1) Maces & Flails
 - Level 11.0 Armour
 - Level 4.9 Dodging
 - Level 15.0 Shields
 - Level 14.3 Spellcasting
 + Level 17.1 Conjurations
 - Level 13.9 Translocations
 - Level 18.9 Ice Magic
 - Level 9.0 Air Magic
 - Level 5.0 Evocations


You had 29 spell levels left.
You knew the following spells:

 Your Spells              Type           Power        Failure   Level
a - Ozocubu's Armour      Ice            39%          0%          3
b - Frozen Ramparts       Ice            78%          0%          3
c - Freezing Cloud        Conj/Ice/Air   16%          1%          6
d - Ozocubu's Refrigerat  Ice            19%          1%          6
e - Mephitic Cloud        Conj/Pois/Air  21%          1%          3
f - Passage of Golubria   Tloc           N/A          1%          4

Your spell library contained the following spells:

 Spells                   Type           Power        Failure   Level
 Apportation              Tloc           60%          0%          1
 Freeze                   Ice            100%         0%          1
 Magic Dart               Conj           100%         0%          1
 Searing Ray              Conj           72%          0%          2
 Hailstorm                Conj/Ice       37%          0%          4
 Foxfire                  Conj/Fire      84%          1%          1
 Corpse Rot               Necr/Air       N/A          1%          2
 Ensorcelled Hibernation  Hex/Ice        44%          1%          2
 Poisonous Vapours        Pois/Air       28%          1%          2
 Conjure Flame            Conj/Fire      21%          1%          3
 Dazzling Flash           Conj/Hex       42%          1%          3
 Gell's Gravitas          Tloc           15%          1%          3
 Lesser Beckoning         Tloc           15%          1%          3
 Portal Projectile        Hex/Tloc       36%          1%          3
 Static Discharge         Conj/Air       29%          1%          3
 Teleport Other           Tloc           30%          1%          3
 Fulminant Prism          Conj/Hex       10%          1%          4
 Ice Form                 Ice/Tmut       22%          1%          4
 Iskenderun's Mystic Bla  Conj/Tloc      33%          1%          4
 Sticky Flame             Conj/Fire      21%          1%          4
 Summon Ice Beast         Ice/Summ       22%          1%          4
 Iskenderun's Battlesphe  Conj           36%          1%          5
 Lightning Bolt           Conj/Air       14%          1%          5
 Dispersal                Tloc           15%          3%          6
 Metabolic Englaciation   Hex/Ice        11%          4%          5
 Orb of Destruction       Conj           18%          5%          7
 Fireball                 Conj/Fire      10%          6%          5
 Irradiate                Conj/Tmut      10%          6%          5
 Animate Skeleton         Necr           12%          8%          1
 Beastly Appendage        Tmut           12%          8%          1
 Corona                   Hex            6%           8%          1
 Pain                     Necr           24%          8%          1
 Sting                    Tmut/Pois      24%          8%          1
 Summon Small Mammal      Summ           24%          8%          1
 Call Imp                 Summ           6%           12%         2
 Slow                     Hex            6%           12%         2
 Sublimation of Blood     Necr           3%           12%         2
 Wereblood                Tmut           6%           12%         2
 Summon Lightning Spire   Summ/Air       14%          13%         4
 Summon Forest            Summ/Tloc      9%           13%         5
 Bolt of Magma            Conj/Fire/Erth 8%           22%         5
 Call Canine Familiar     Summ           6%           26%         3
 Confusing Touch          Hex            6%           26%         3
 Ignite Poison            Fire/Tmut/Pois 6%           26%         3
 Inner Flame              Hex/Fire       6%           26%         3
 Spider Form              Tmut/Pois      3%           26%         3
 Summon Guardian Golem    Hex/Summ       6%           26%         3
 Tukima's Dance           Hex            6%           26%         3
 Vampiric Draining        Necr           3%           26%         3
 Simulacrum               Ice/Necr       11%          28%         6
 Iron Shot                Conj/Erth      10%          36%         6
 Starburst                Conj/Fire      10%          36%         6
 Animate Dead             Necr           3%           67%         4
 Cause Fear               Hex            3%           67%         4
 Dispel Undead            Necr           6%           67%         4
 Leda's Liquefaction      Hex/Erth       3%           67%         4
 Olgreb's Toxic Radiance  Pois           6%           67%         4
 Petrify                  Tmut/Erth      6%           67%         4
 Disjunction              Tloc           15%          90%         8
 Spellforged Servitor     Conj/Summ      10%          93%         7
 Agony                    Necr           6%           95%         5
 Blade Hands              Tmut           3%           95%         5
 Borgnjor's Vile Clutch   Necr/Erth      3%           95%         5
 Excruciating Wounds      Necr           3%           95%         5
 Yara's Violent Unravell  Hex/Tmut       3%           95%         5
 Death Channel            Necr           3%           100%        6
 Hydra Form               Tmut           3%           100%        6
 Shadow Creatures         Summ           N/A          100%        6
 Statue Form              Tmut/Erth      4%           100%        6
 Dragon Form              Tmut           3%           100%        7
 Ignition                 Fire           3%           100%        8
 Shatter                  Erth           3%           100%        9
 Tornado                  Air            11%          100%        9
 Blink                    Tloc           Unusable     N/A         2

Dungeon Overview and Level Annotations

Branches:
Dungeon (15/15)            Temple (1/1) D:6            Lair (6/6) D:10
 Shoals (4/4) Lair:3        Snake (4/4) Lair:3        Slime (0/5) Lair:6
    Orc (2/2) D:11            Elf (3/3) Orc:2        Vaults (5/5) D:14
  Crypt (0/3) Vaults:3     Depths (5/5) D:15            Zot (5/5) Depths:5

Altars:
Ashenzari
Cheibriados
Dithmenos
Elyvilon
Fedhas
Gozag
Hepliaklqana
Kikubaaqudgha
Makhleb
Nemelex Xobeh
Okawaru
Qazlal
Ru
Sif Muna
Trog
Uskayaw
Vehumet
Wu Jian
Xom
Yredelemnul
Zin
The Shining One
Beogh
Jiyva

Shops:
D:4 (   D:6 :   D:8 :   D:14 :   Orc:2 ::[}   Elf:2 *   Elf:3 }
Lair:1 =:!?=[[=[[   Snake:4 =}=   Depths:2 (

Portals:
Hell: Depths:1 Depths:2 Depths:3 Depths:4 Depths:5
Abyss: Depths:3 Depths:4
Pandemonium: Depths:1 Depths:3 Depths:4
Ziggurat: Depths:3

Annotations:
Shoals:2 3 runed translucent doors, oc3rt's ghost, adept KoHu
Zot:2 2 transporters, dtburroughs's ghost, master MiBe


Innate Abilities, Weirdness & Mutations

You cannot be hasted, slowed, berserked, paralysed or teleported.
You can dig through walls and to a lower floor.
Your four strong arms can wield two-handed weapons with a shield.
You have a pair of large antennae on your head. (SInv)
Your mind is acute. (Int +2)
Armour fits poorly on your strangely shaped body.
Your body sometimes deteriorates upon taking damage.
You are extremely frail. (-30% HP)
Your magical capacity is low. (-10% MP)
You occasionally shout uncontrollably at your foes.
You are weak. (Str -2)
Your spells are easier to cast, but less powerful.
You expend magic power (3 MP) to strengthen your wands.


Message History

Aiming: Passage of Golubria (safe; 1% risk of failure)
Press: ? - help, Dir - move target, p - orb of fire The Orb disrupts the stability of your passage!
The orb of fire glows deep purple.
The bolt of fire misses you.
You enter the passage of Golubria.
There is a passage of Golubria here.
The orb of fire glows bright magenta.
The fireball explodes!
The fireball engulfs you!! You resist.
* * * LOW HITPOINT WARNING * * *
Your body deteriorates!
You feel clumsy.
The orb of fire glows bright magenta.
Strange energies course through your body.
You feel the urge to shout.
Unknown command.
You hear a snapping sound.
The orb of fire glows bright magenta.
The bolt of fire hits you!!! You resist.
You die...
Your body crumbles into a pile of gold.

##.............## ##.........?.
#...............# ##..........
▓########*########▓▓▓▓###########
..........*...⌠.^................
.............................)...
#...####...#.^..###.....#####....
...## #.####...#*#...### #......
...# #..###...##....#####....).
...# ###.#####@................
#########.## #................. #
#..^#### #................. #
#...# #...############.. # #...##
#...# ##( # ###...# #...# #### #
#.....# #####...# #...
###.....####...#(..###########...
.................................


You could see an orb of fire and a neutral orb of fire.

Vanquished Creatures
  Mara (Shoals:4)
  4 orbs of fire
  3 juggernauts
  2 ancient liches
  The ghost of SlowGraham the Acrobat, a legendary KoMo of Trog (Vaults:3)
  Vashnia (Snake:2)
  2 curse toes
  Xtahua (Depths:3)
  Frederick (Vaults:4)
  Margery (Depths:4)
  A caustic shrike (Depths:2)
  12 golden dragons
  Nikola (Shoals:3)
  3 bone dragons
  An electric golem (Zot:1)
  8 liches
  16 tentacled monstrosities
  Jorgrun (D:11)
  Rupert (D:15)
  11 quicksilver dragons
  9 Orb Guardians (Zot:5)
  6 titans
  2 deep elf blademasters
  A deep elf master archer (Elf:3)
  2 tentacled starspawn (Abyss:2)
  2 Executioners
  4 sphinxes
  A kraken (Shoals:2)
  7 death cobs
  The ghost of Pawniewk the Brawler, an adept TrMo of Nemelex Xobeh (Depths:3)
  14 storm dragons
  14 nagarajas
  Kirke (Snake:2)
  Ilsuiw (Shoals:1)
  8 shadow dragons
  6 draconian monks
  4 tengu reavers
  10 deep elf sorcerers
  A fenstrider witch (shapeshifter) (D:14)
  13 frost giants
  14 fire giants
  14 vault wardens
  Aizul (Snake:1)
  4 iron dragons
  7 draconian knights
  A ghost moth (Depths:5)
  5 draconian shifters
  2 orc warlords
  5 draconian scorchers
  4 deep elf elementalists
  3 war gargoyles
  15 ironheart preservers
  24 very ugly things
  A spriggan defender (Depths:4)
  5 draconian stormcallers
  4 draconian annihilators
  23 stone giants
  7 deep elf demonologists
  5 vampire knights
  9 green draconians
  12 white draconians
  12 deep elf annihilators
  18 purple draconians
  15 yellow draconians
  A dire elephant (Lair:5)
  22 red draconians
  11 black draconians
  2 crystal guardians (Vaults:4)
  2 spark wasps (Depths:2)
  3 jiangshi
  7 deep elf death magi
  14 ettins
  8 merfolk impalers
  10 fire dragons
  A green death (Abyss:2)
  7 merfolk javelineers
  9 deep elf high priests
  13 yaktaur captains
  The ghost of JBAR the Grappler, a journeyman TrFi of Cheibriados (Orc:1)
  14 great orbs of eyes
  28 vault guards
  Fannar (Orc:1)
  Harold (D:9)
  11 ice dragons
  An ice dragon (shapeshifter) (Vaults:4)
  The ghost of alphawulf the Basher, a journeyman DsBe of Trog (D:11)
  6 rakshasas
  5 hydras
  4 boulder beetles
  4 catoblepae
  16 centaur warriors
  24 naga warriors
  12 merfolk aquamancers
  3 merfolk avatars
  4 death knights
  5 anacondas (Snake:1)
  76 two-headed ogres
  8 spriggan air magi
  10 deep troll shamans
  25 ogre magi
  3 satyrs (Shoals:4)
  6 death yaks
  An orc high priest (Orc:1)
  9 large abominations
  7 deep troll earth magi
  7 vampire magi
  5 shock serpents
  4 tengu warriors
  A thrashing horror (Abyss:2)
  15 naga sharpshooters
  4 spriggan berserkers
  3 spriggans
  17 deep elf knights
  2 wretched stars (Abyss:2)
  A shadow wraith (Vaults:5)
  13 skeletal warriors
  An iron troll (Depths:5)
  3 wizards
  3 salamander mystics
  An iron troll (shapeshifter) (Depths:4)
  4 flayed ghosts
  2 gelid demonspawn (Depths:1)
  14 hell knights
  A spark wasp zombie (Depths:2)
  4 unseen horrors
  10 sea snakes
  5 glowing orange brains
  8 naga ritualists
  21 deep trolls
  17 deep elf archers
  31 harpies
  3 harpies (shapeshifter)
  14 orc knights
  20 ironbrand convokers
  2 lindwurms (shapeshifter)
  17 necromancers
  A sphinx zombie (Depths:2)
  Pikel (D:3)
  2 lindwurms
  8 phantasmal warriors
  10 mana vipers
  3 orc sorcerers
  13 manticores
  60 deep elf magi
  52 ugly things
  2 cyclopes (shapeshifter)
  3 wolf spiders
  15 fauns
  11 cyclopes
  A water nymph (shapeshifter) (Elf:1)
  12 salamanders
  35 black mambas
  25 guardian serpents
  7 elephants (Lair:5)
  2 centaur zombies (D:15)
  8 merfolk sirens
  4 water nymphs
  19 vault sentinels
  A black mamba (shapeshifter) (Depths:2)
  An eye of devastation (shapeshifter) (Depths:3)
  11 naga magi
  3 smoke demons
  3 molten gargoyles
  21 moths of wrath
  A guardian serpent (shapeshifter) (D:15)
  A spriggan skeleton (Depths:2)
  3 eyes of devastation (Depths:3)
  5 spectral swamp worms (Depths:2)
  Maurice (D:8)
  4 centaur skeletons
  3 gargoyles
  A torpor snail (Lair:5)
  7 freezing wraiths
  9 cane toads
  2 tormentors
  2 kobold demonologists
  A rime drake (shapeshifter) (Depths:2)
  13 rime drakes
  43 yaktaurs
  An efreet (D:14)
  26 komodo dragons
  An ancient zyme (Abyss:2)
  4 tengu conjurers
  An elf skeleton (Depths:2)
  12 trolls
  6 harpy zombies (Shoals:1)
  An ice devil (Depths:1)
  4 meliai
  A meliai (shapeshifter) (Depths:1)
  4 hornets
  A queen bee (Orc:1)
  6 wind drakes
  A wind drake (shapeshifter) (D:15)
  Prince Ribbit (D:7)
  Grinder (D:4)
  3 polar bears
  31 merfolk
  28 blink frogs
  A raiju (Abyss:2)
  A slime creature (shapeshifter) (Vaults:5)
  44 slime creatures
  2 raiju (shapeshifter)
  A meliai zombie (D:12)
  9 snapping turtles
  12 dream sheep
  A dream sheep (shapeshifter) (Vaults:5)
  An ettin zombie (Depths:2)
  2 starcursed masses (Abyss:2)
  4 shadows
  12 water elementals
  An air elemental (Elf:2)
  13 wyverns
  4 wraiths
  38 yaks
  6 hogs (Snake:2)
  A yak (shapeshifter) (Depths:3)
  3 fire bats (Depths:3)
  A wyvern (shapeshifter) (Vaults:3)
  A spriggan (shapeshifter) (D:15)
  A ynoxinul (Abyss:2)
  2 fire elementals
  3 basilisks
  3 golden eyes (Depths:3)
  2 neqoxecs (Abyss:2)
  3 steam dragons
  15 vampire mosquitoes
  A chaos spawn (Abyss:2)
  A swamp worm (shapeshifter) (Elf:1)
  10 wargs
  A soldier ant (D:12)
  14 water moccasins
  Edmund (D:5)
  37 nagas
  2 acid dragons (D:14)
  2 floating eyes (Depths:3)
  4 hell hounds (Lair:6)
  A swamp drake (Orc:1)
  2 black bears
  62 orc warriors
  An ice beast (shapeshifter) (Vaults:4)
  An ice beast (D:5)
  6 sky beasts
  A necrophage (D:7)
  A phantom (D:7)
  A hornet zombie (D:11)
  23 boggarts
  62 ogres
  8 wolves
  24 centaurs
  2 elf zombies (Elf:1)
  6 big kobolds
  Blork the orc (Orc:1)
  3 wyvern zombies
  28 bullfrogs
  A bullfrog (shapeshifter) (D:15)
  2 earth elementals (Elf:3)
  6 scorpions
  2 wyvern skeletons (D:8)
  35 killer bees
  An oklob sapling (D:6)
  5 howler monkeys
  8 wights
  7 electric eels
  2 bullfrog zombies
  A crimson imp (Orc:1)
  5 lava snakes (Lair:6)
  Crazy Yiuf (D:5)
  9 small abominations
  7 jellies
  30 orc priests
  4 hounds
  2 bullfrog skeletons (D:13)
  3 iron imps
  45 orc wizards
  10 worker ants
  A hound zombie (D:6)
  A hound skeleton (D:6)
  2 worker ant zombies
  8 gnolls
  17 adders
  3 shadow imps
  4 white imps
  3 ufetubi
  2 oozes
  2 adder skeletons
  A worm (D:2)
  2 dart slugs (D:2)
  10 leopard geckos
  125 orcs
  3 ball pythons
  6 giant cockroaches
  8 goblins
  11 hobgoblins
  4 iguanas
  18 jackals
  6 quokkas
  A ball python skeleton (D:4)
  5 bats
  6 frilled lizards
  30 kobolds
  2 leopard gecko skeletons
  8 rats
  A fungus (Lair:5)
  2 plants (Shoals:4)
  3 tentacles (Shoals:2)
2575 creatures vanquished.

Vanquished Creatures (collateral kills)
  An electric golem (Zot:5)
  An Orb Guardian (Zot:5)
  A storm dragon (Zot:5)
  A draconian knight (Zot:5)
  A draconian scorcher (Zot:5)
5 creatures vanquished.

Vanquished Creatures (others)
  2 orbs of fire (Zot:5)
  3 Killer Klowns (Zot:5)
  2 golden dragons (Zot:5)
  An electric golem (Zot:5)
  15 Orb Guardians (Zot:5)
  2 green draconians (Zot:5)
  A purple draconian (Zot:5)
  A white draconian (Zot:5)
  A deep elf high priest (Vaults:5)
  25 dancing weapons
  3 moths of wrath (Zot:5)
  An ogre (Depths:1)
  A boggart (D:15)
  An orc (Orc:1)
  A kobold (D:7)
  50 bushes (Depths:4)
  50 fungi
  260 plants
  2 starspawn tentacles (Abyss:2)
  3 tentacles (Shoals:2)
  11 toadstools
436 creatures vanquished.

Grand Total: 3016 creatures vanquished

Notes
Turn   | Place    | Note
-------+----------+-------------------------------------------
     0 | D:1      | bnorton916 the Formicid Fighter began the quest for the
                  | Orb.
     0 | D:1      | Reached XP level 1. HP: 18/18 MP: 1/1
   244 | D:1      | Reached XP level 2. HP: 24/24 MP: 2/2
   418 | D:1      | Reached XP level 3. HP: 29/29 MP: 3/3
  1072 | D:2      | Reached XP level 4. HP: 19/37 MP: 4/4
  1476 | D:2      | Reached skill level 3 in Axes
  1476 | D:2      | Reached XP level 5. HP: 32/42 MP: 2/5
  1553 | D:2      | Found a shimmering altar of Xom.
  2390 | D:3      | Reached XP level 6. HP: 49/49 MP: 6/6
  2566 | D:3      | Found a faded altar of an unknown god.
  2742 | D:4      | Noticed Pikel
  2760 | D:3      | Killed Pikel
  2761 | D:3      | Reached skill level 5 in Fighting
  2761 | D:3      | Reached skill level 4 in Axes
  2761 | D:3      | Reached skill level 5 in Armour
  2761 | D:3      | Reached XP level 7. HP: 33/57 MP: 2/7
  2897 | D:4      | Reached XP level 8. HP: 40/64 MP: 5/8
  3087 | D:4      | Reached skill level 5 in Axes
  3215 | D:4      | Found a basalt altar of Yredelemnul.
  3332 | D:4      | Found Goaxunic's Weapon Shoppe.
  3637 | D:5      | Entered Level 5 of the Dungeon
  3829 | D:5      | Found a runed translucent door.
  3830 | D:5      | Noticed Crazy Yiuf
  3837 | D:5      | Killed Crazy Yiuf
  4547 | D:6      | Noticed Edmund
  4557 | D:5      | Killed Edmund
  4558 | D:5      | Reached skill level 6 in Axes
  4657 | D:5      | Reached XP level 9. HP: 31/72 MP: 5/9
  5023 | D:5      | Reached skill level 7 in Axes
  5406 | D:6      | Found Fuam's Book Emporium.
  5434 | D:6      | Found a staircase to the Ecumenical Temple.
  5453 | Temple   | Entered the Ecumenical Temple
  5580 | D:6      | Found a bloodstained altar of Trog.
  6041 | D:4      | Noticed Grinder
  6069 | D:4      | Killed Grinder
  6466 | D:7      | Found a shimmering blue altar of Sif Muna.
  6545 | D:6      | Reached skill level 8 in Axes
  6984 | D:7      | Found a sparkling altar of Nemelex Xobeh.
  7114 | D:7      | Found an opulent altar of Gozag.
  7118 | D:7      | Became a worshipper of Gozag Ym Sagoz the Greedy
  7138 | D:7      | Reached XP level 10. HP: 66/83 MP: 10/10
  7170 | D:7      | Found a broken altar of Ashenzari.
  7554 | D:7      | Noticed Prince Ribbit
  7902 | D:7      | Killed Prince Ribbit
  7903 | D:7      | Reached skill level 10 in Fighting
  7903 | D:7      | Reached skill level 9 in Axes
  8115 | D:8      | Identified the Reference Book on Feathery Bewitchment
  8152 | D:8      | Noticed Maurice
  8943 | D:8      | Killed Maurice
  9220 | D:8      | Identified the ring "Netru Qargh" {rElec Str+6 Int+4}
  9575 | D:8      | Found a glowing silver altar of Zin.
  9777 | D:8      | Found Vyutuvoe's Book Shoppe.
  9821 | D:8      | Noticed Harold
 10047 | D:9      | Killed Harold
 10048 | D:9      | Reached skill level 10 in Axes
 10113 | D:8      | Reached XP level 11. HP: 38/93 MP: 11/11
 10884 | D:9      | Noticed a centaur warrior
 10906 | D:9      | Killed a centaur warrior
 11225 | D:9      | Reached skill level 11 in Axes
 11431 | D:9      | Found a sacrificial altar of Ru.
 11504 | D:9      | Noticed a centaur warrior
 11512 | D:9      | Killed a centaur warrior
 11918 | D:10     | Entered Level 10 of the Dungeon
 12099 | D:4      | Bought the +8 frozen axe "Frostbite" {freezing cloud,
                  | *Noise +Fly rC+} for 988 gold pieces
 12099 | D:4      | Found the +8 frozen axe "Frostbite" {freezing cloud, *Noise
                  | +Fly rC+}
 12602 | D:10     | Found a staircase to the Lair.
 12655 | D:10     | Noticed a five-headed hydra
 13080 | D:10     | Noticed a two-headed ogre
 13092 | D:10     | Killed a two-headed ogre
 13308 | D:10     | Reached skill level 12 in Axes
 13314 | D:10     | Found a shimmering blue altar of Sif Muna.
 13703 | Lair:1   | Entered Level 1 of the Lair of Beasts
 14216 | Lair:1   | Noticed an eight-headed hydra
 14232 | Lair:1   | Killed a two-headed hydra
 14233 | Lair:1   | Reached XP level 12. HP: 54/103 MP: 12/12
 14438 | Lair:1   | Reached skill level 13 in Axes
 14442 | Lair:1   | Got an ebony spear
 14712 | Lair:1   | Noticed a five-headed hydra
 14725 | Lair:1   | Killed a one-headed hydra
 15178 | Lair:2   | You fall into a shaft and drop 1 floor!
 15264 | Lair:3   | Reached skill level 14 in Axes
 15278 | Lair:3   | Found a staircase to the Snake Pit.
 15811 | Lair:3   | Got a crystal falchion
 16562 | Lair:2   | Identified the cursed +1 falchion "Uwacha" {antimagic, rF+
                  | Str+3} (You found it on level 3 of the Lair of Beasts)
 16564 | Lair:2   | Identified the cursed +1 spear "Wyn Juuqug" {flame, rElec
                  | rN+ Will+ Stlth+} (You found it on level 1 of the Lair of
                  | Beasts)
 17052 | Lair:3   | Found a staircase to the Shoals.
 17200 | Lair:3   | Reached skill level 15 in Axes
 18285 | Lair:4   | Reached XP level 13. HP: 52/109 MP: 13/13
 18944 | Lair:4   | Reached skill level 16 in Axes
 19857 | Lair:4   | Reached skill level 17 in Axes
 20211 | Lair:1   | Bought a potion of degeneration for 17 gold pieces
 20218 | Lair:1   | Bought a potion of mutation for 136 gold pieces
 20218 | Lair:1   | Bought a potion of heal wounds for 85 gold pieces
 20218 | Lair:1   | Bought a potion of curing for 51 gold pieces
 20218 | Lair:1   | Bought a potion of curing for 51 gold pieces
 21097 | Lair:5   | Reached XP level 14. HP: 81/116 MP: 14/14
 21614 | Lair:5   | Noticed a dire elephant
 21652 | Lair:5   | Found a runed translucent door.
 21905 | Lair:5   | Identified Meygop's Almanac of Freezing Darkness
 22098 | Lair:6   | Entered Level 6 of the Lair of Beasts
 22108 | Lair:5   | Reached skill level 18 in Axes
 22912 | Lair:6   | Reached skill level 19 in Axes
 23234 | Lair:6   | Found a large runed translucent door.
 23235 | Lair:6   | Found a large runed translucent door.
 23537 | Lair:6   | Found a staircase to the Slime Pits.
 23538 | Lair:6   | Found a viscous altar of Jiyva.
 24530 | Lair:1   | Bought a +2 pair of boots of running for 788 gold pieces
 24613 | D:11     | Found a transporter.
 24619 | D:11     | Noticed alphawulf's ghost (journeyman DsBe)
 24643 | D:11     | Found a transporter.
 24656 | D:11     | Killed alphawulf's ghost
 24670 | D:11     | Got a flickering lead ring
 24677 | D:11     | Identified the ring of Moodiness {rC++ EV+4 Str+4 SInv
                  | Stlth-} (You found it on level 11 of the Dungeon)
 25169 | D:11     | Reached XP level 15. HP: 95/122 MP: 15/15
 25412 | D:11     | Reached skill level 20 in Axes
 25686 | D:11     | Found a staircase to the Orcish Mines.
 25697 | Orc:1    | Entered Level 1 of the Orcish Mines
 25700 | Orc:1    | Noticed Jorgrun
 25713 | D:11     | Killed Jorgrun
 26236 | Orc:1    | Noticed Blork the orc
 26250 | Orc:1    | Killed Blork the orc
 26278 | Orc:1    | Found a transporter.
 26307 | Orc:1    | Noticed JBAR's ghost (journeyman TrFi)
 26536 | Orc:1    | Found a transporter.
 26729 | Orc:1    | Noticed Fannar
 26795 | Orc:1    | Killed Fannar
 27013 | Orc:2    | Entered Level 2 of the Orcish Mines
 27342 | Orc:2    | Reached skill level 21 in Axes
 27424 | Orc:2    | Found a staircase to the Elven Halls.
 27447 | Orc:2    | Found a roughly hewn altar of Beogh.
 27690 | Orc:2    | Noticed an orc warlord
 27896 | Orc:2    | Killed an orc warlord
 28140 | Orc:2    | Noticed an orc warlord
 28516 | Orc:1    | Killed an orc warlord
 28690 | Orc:2    | Reached XP level 16. HP: 55/129 MP: 16/16
 29084 | Orc:2    | Found Piduonyh's Book Emporium.
 29084 | Orc:2    | Found Qeadurgh's Gadget Shop.
 29084 | Orc:2    | Found Weica's Book Boutique.
 29084 | Orc:2    | Found Tuugypte's Armour Emporium.
 29238 | Orc:2    | Reached skill level 22 in Axes
 29396 | Orc:2    | Bought a manual of Ice Magic for 1987 gold pieces
 29850 | D:12     | Reached skill level 1 in Evocations
 29909 | D:12     | Reached skill level 1 in Dodging
 29952 | D:12     | Reached skill level 5 in Shields
 31915 | Lair:1   | Bought the +4 swamp dragon scales of Ashenzari's Approval
                  | {rPois Int+6} for 1702 gold pieces
 31990 | Snake:1  | Entered Level 1 of the Snake Pit
 32109 | Snake:1  | Reached skill level 5 in Evocations
 33399 | Snake:1  | Reached XP level 17. HP: 79/135 MP: 17/17
 33706 | Snake:1  | Reached skill level 10 in Shields
 34179 | Snake:1  | Noticed Aizul
 34192 | Snake:1  | Killed Aizul
 35125 | Snake:2  | Noticed Kirke
 35145 | Snake:2  | Killed Kirke
 35352 | Snake:2  | Noticed Vashnia
 35357 | Snake:2  | Killed Vashnia
 36305 | Snake:2  | Reached skill level 15 in Shields
 36336 | Snake:2  | Reached skill level 1 in Ice Magic
 36537 | Lair:1   | Bought a +0 tower shield of cold resistance for 184 gold
                  | pieces
 37341 | Snake:3  | Identified the +10 flail of Malaise {vamp, rF+}
 37490 | Snake:3  | Reached skill level 5 in Ice Magic
 37490 | Snake:3  | Reached XP level 18. HP: 132/141 MP: 18/18
 37564 | Snake:3  | Identified a scroll of acquirement
 37596 | Snake:3  | Acquired the ring "Voxuxur" {Wiz rN+ Slay+6}
 37955 | Snake:4  | Entered Level 4 of the Snake Pit
 38254 | Snake:4  | Found Sipn's Jewellery Emporium.
 38254 | Snake:4  | Found Ticug's Gadget Boutique.
 38255 | Snake:4  | Found Tudwukh's Jewellery Emporium.
 38698 | D:8      | Bought a book of Ice for 715 gold pieces
 38698 | D:8      | Bought a book of Frost for 385 gold pieces
 38702 | D:8      | Learned a level 3 spell: Ozocubu's Armour
 38706 | D:8      | Learned a level 3 spell: Frozen Ramparts
 38713 | D:8      | Learned a level 6 spell: Freezing Cloud
 39104 | Snake:4  | Reached skill level 10 in Ice Magic
 39635 | Snake:4  | Acquired 994 gold pieces
 39893 | Snake:4  | Reached skill level 1 in Spellcasting
 39893 | Snake:4  | Reached skill level 1 in Conjurations
 40566 | Snake:4  | Got a serpentine rune of Zot
 40574 | Snake:4  | Reached XP level 19. HP: 147/147 MP: 25/25
 41007 | Lair:1   | Bought a scroll of magic mapping for 49 gold pieces
 41007 | Lair:1   | Bought a scroll of enchant armour for 105 gold pieces
 41007 | Lair:1   | Bought a scroll of enchant weapon for 105 gold pieces
 41128 | D:14     | Reached skill level 5 in Spellcasting
 41189 | D:14     | Found a gate to the Vaults.
 41242 | D:14     | Reached skill level 5 in Conjurations
 42357 | D:14     | Found a blossoming altar of Fedhas.
 42520 | Orc:1    | Killed JBAR's ghost
 43507 | D:15     | Entered Level 15 of the Dungeon
 43507 | D:15     | Found an opulent altar of Gozag.
 43518 | D:15     | Noticed Rupert
 43528 | D:15     | Killed Rupert
 44627 | D:15     | Noticed a juggernaut
 44628 | D:15     | Noticed a golden dragon
 44628 | D:15     | a juggernaut changed into a golden dragon
 44637 | D:15     | a golden dragon changed into a shadow dragon
 45233 | D:15     | Found a staircase to the Depths.
 45492 | Lair:1   | Learned a level 6 spell: Ozocubu's Refrigeration
 45605 | Elf:1    | Entered Level 1 of the Elven Halls
 45630 | Elf:1    | Reached skill level 1 in Air Magic
 45660 | Elf:1    | Reached XP level 20. HP: 144/154 MP: 33/33
 46311 | Elf:1    | Reached skill level 5 in Air Magic
 46315 | Elf:1    | Learned a level 3 spell: Mephitic Cloud
 46447 | Elf:1    | Identified the Grimoire of Dark Arts
 46922 | Elf:2    | Found Heev Votu's General Store.
 47005 | Elf:2    | Bought a scroll of acquirement for 936 gold pieces
 47005 | Elf:2    | Bought a potion of might for 72 gold pieces
 47005 | Elf:2    | Bought a scroll of enchant weapon for 135 gold pieces
 47005 | Elf:2    | Acquired a +4 executioner's axe of venom
 47007 | Elf:2    | Acquired a +0 antimagic lajatang
 47493 | Elf:2    | Found a huge runed translucent gate.
 47493 | Elf:2    | Found a huge runed translucent gate.
 47493 | Elf:2    | Found a huge runed translucent gate.
 47498 | Elf:2    | Found a huge runed translucent gate.
 47504 | Elf:2    | Found a huge runed translucent gate.
 48492 | Elf:3    | Entered Level 3 of the Elven Halls
 48500 | Elf:3    | Found Pohaos's Gadget Shop.
 48522 | Elf:3    | Bought a wand of disintegration (9) for 169 gold pieces
 49378 | Elf:3    | Reached XP level 21. HP: 158/167 MP: 21/34
 49379 | Elf:3    | Reached skill level 15 in Fighting
 49575 | Elf:3    | Identified the +2 dagger of Suentigo {drain, rC+ rN+}
 50034 | Elf:3    | Acquired the +1 pair of boots "Uxzudwy" {rPois Regen+
                  | Dex-5}
 50210 | Elf:3    | Identified the ring of Polytheism {Str+2 Stlth-}
 50212 | Elf:3    | Identified the +5 falchion of Deaph {vorpal, *Corrode rElec
                  | rF+ rN++}
 50215 | Elf:3    | Cast into level 2 of the Abyss (a deep elf sorcerer)
 50279 | Abyss:2  | Gained mutation: You have a somewhat thin skeletal
                  | structure. (Dex +2, Stealth) [a neqoxec]
 50510 | Abyss:2  | Noticed a bone dragon
 50531 | Abyss:2  | Killed a bone dragon
 50708 | Elf:3    | Escaped the Abyss
 51155 | Elf:3    | Learned a level 4 spell: Passage of Golubria
 51185 | Elf:3    | Identified the Incunabulum of Creation and Clay
 51529 | Shoals:1 | Entered Level 1 of the Shoals
 51616 | Shoals:1 | Reached skill level 1 in Translocations
 52427 | Shoals:2 | Noticed Ilsuiw
 52829 | Shoals:1 | Killed Ilsuiw
 53114 | Shoals:2 | Reached XP level 22. HP: 161/182 MP: 35/35
 53860 | Shoals:2 | Found a runed translucent gate.
 53861 | Shoals:2 | Found a runed translucent gate.
 53862 | Shoals:2 | Found a runed translucent gate.
 53862 | Shoals:2 | Noticed oc3rt's ghost (adept KoHu)
 54098 | Shoals:3 | Reached skill level 5 in Translocations
 54655 | Shoals:4 | Entered Level 4 of the Shoals
 54674 | Shoals:3 | Reached skill level 10 in Conjurations
 56349 | Shoals:4 | Noticed Mara
 56380 | Shoals:4 | Noticed bnorton916's illusion
 56398 | Shoals:4 | Noticed bnorton916's illusion
 56398 | Shoals:4 | Killed Mara
 56908 | Shoals:4 | Got a barnacled rune of Zot
 57018 | Shoals:4 | Reached skill level 10 in Translocations
 57055 | Shoals:4 | Noticed Nikola
 57373 | Shoals:3 | Killed Nikola
 58568 | Vaults:1 | Entered Level 1 of the Vaults
 58568 | Vaults:1 | Found a radiant altar of Vehumet.
 58811 | Vaults:1 | Reached XP level 23. HP: 184/188 MP: 19/36
 61017 | Vaults:2 | Reached skill level 23 in Axes
 61673 | Vaults:2 | Reached XP level 24. HP: 195/195 MP: 36/36
 63039 | D:14     | Bought a manual of Maces & Flails for 2208 gold pieces
 63376 | Vaults:3 | Reached skill level 1 in Maces & Flails
 63626 | Vaults:3 | Reached skill level 5 in Maces & Flails
 63700 | Vaults:3 | You fall into a shaft and drop 1 floor!
 63849 | Vaults:3 | Found a staircase to the Crypt.
 63910 | Vaults:3 | Found a transporter.
 63980 | Vaults:3 | Found a transporter.
 64015 | Vaults:3 | Got a glittering glass ring
 64026 | Vaults:3 | Identified the ring of Orthodoxy {rPois rN+ Str+2} (You
                  | found it on level 3 of the Vaults)
 64402 | Vaults:3 | Found a runed translucent door.
 64402 | Vaults:3 | Found a shimmering altar of Xom.
 64402 | Vaults:3 | Noticed SlowGraham's ghost (legendary KoMo)
 64429 | Vaults:3 | Killed SlowGraham's ghost
 65142 | Vaults:4 | Reached skill level 10 in Maces & Flails
 65193 | Vaults:4 | Identified the ring "Zoext" {rPois rF+}
 65725 | Vaults:4 | Reached XP level 25. HP: 201/201 MP: 36/36
 65918 | Vaults:4 | Noticed Frederick
 65930 | Vaults:4 | Killed Frederick
 67477 | Lair:1   | Lost mutation: You have a somewhat thin skeletal structure.
                  | (Dex +2, Stealth) [potion of mutation]
 67477 | Lair:1   | Gained mutation: You evolve. [potion of mutation]
 67477 | Lair:1   | Gained mutation: You expend magic power (3 MP) to
                  | strengthen your wands. [potion of mutation]
 67477 | Lair:1   | Gained mutation: You have large cloven feet. [potion of
                  | mutation]
 67478 | Lair:1   | Lost mutation: You have large cloven feet. [potion of
                  | mutation]
 67478 | Lair:1   | Lost mutation: You evolve. [potion of mutation]
 67478 | Lair:1   | Gained mutation: Your body sometimes deteriorates upon
                  | taking damage. [potion of mutation]
 67478 | Lair:1   | Gained mutation: Your magical capacity is low. (-10% MP)
                  | [potion of mutation]
 67478 | Lair:1   | Gained mutation: Your natural rate of healing is unusually
                  | fast. [potion of mutation]
 67479 | Lair:1   | Lost mutation: Your natural rate of healing is unusually
                  | fast. [potion of mutation]
 67479 | Lair:1   | Lost mutation: Your magical capacity is low. (-10% MP)
                  | [potion of mutation]
 67479 | Lair:1   | Lost mutation: You expend magic power (3 MP) to strengthen
                  | your wands. [potion of mutation]
 67479 | Lair:1   | Gained mutation: Your magical capacity is low. (-10% MP)
                  | [potion of mutation]
 67479 | Lair:1   | Gained mutation: Your mind is acute. (Int +2) [potion of
                  | mutation]
 67670 | Vaults:5 | Entered Level 5 of the Vaults
 67806 | Vaults:5 | Reached skill level 15 in Maces & Flails
 69049 | Vaults:5 | Reached XP level 26. HP: 98/208 MP: 23/32
 70016 | Vaults:5 | Got a twitching platinum ring
 70017 | Vaults:5 | Identified the ring of Crawling {rN+ MP+9 Str+2 Int-2 SInv}
                  | (You found it on level 5 of the Vaults)
 70409 | Vaults:5 | Identified the Guide on Dark Arts
 70476 | Vaults:5 | Got a silver rune of Zot
 70552 | Vaults:5 | Reached skill level 10 in Spellcasting
 71022 | Vaults:5 | Got an ichor-stained arbalest
 71027 | Vaults:5 | Identified the +1 arbalest of bnorton916's Death {speed,
                  | rF- Dex+4} (You found it on level 5 of the Vaults)
 72089 | Depths:1 | Entered Level 1 of the Depths
 72452 | Depths:1 | Found a gateway to Hell.
 73085 | Depths:1 | Found a one-way gate leading to the halls of Pandemonium.
 73503 | Depths:2 | Found Denoloal's Weapon Emporium.
 73629 | Depths:2 | Reached XP level 27. HP: 215/215 MP: 36/36
 75352 | Depths:3 | Reached skill level 24 in Axes
 76266 | Depths:3 | Got a dazzling flail
 76267 | Depths:3 | Identified the cursed +0 flail of Rimud {vorpal, rN+ Will-
                  | Str+3} (You found it on level 3 of the Depths)
 76840 | Depths:3 | Found a gateway to a ziggurat.
 77190 | Depths:3 | Reached skill level 15 in Ice Magic
 77216 | Depths:3 | Found a runed translucent door.
 77432 | Depths:3 | Found a one-way gate to the infinite horrors of the Abyss.
 77539 | Depths:3 | Noticed Pawniewk's ghost (adept TrMo)
 77568 | Depths:3 | Killed Pawniewk's ghost
 77700 | Depths:4 | Acquired the +1 executioner's axe "Cekimuni" {flame, rElec
                  | rC+ Int+7 SInv}
 77733 | Depths:4 | Noticed a juggernaut
 77768 | Depths:3 | Killed a juggernaut
 78050 | Depths:4 | Noticed a juggernaut
 78059 | Depths:4 | Killed a juggernaut
 78164 | Depths:4 | Identified the amulet of Darkness {Fragile Will++ Regen+
                  | Str+3 Slay+2}
 78548 | Depths:4 | Identified the ring "Finuag" {+Fly rElec rN+ Dex-5}
 78953 | Depths:4 | Identified the ring "Lauzad" {Fire +Inv}
 79077 | Depths:4 | Noticed Margery
 79089 | Depths:4 | Killed Margery
 79144 | Depths:4 | Noticed a juggernaut
 79160 | Depths:4 | Killed a juggernaut
 79874 | Depths:4 | Noticed Xtahua
 80352 | Depths:3 | Killed Xtahua
 81043 | Depths:5 | Entered Level 5 of the Depths
 81801 | Depths:5 | Acquired 1210 gold pieces
 81808 | Depths:5 | Found a gate to the Realm of Zot.
 82340 | Zot:1    | Entered Level 1 of the Realm of Zot
 83600 | Lair:1   | Bought a manual of Hexes for 1545 gold pieces
 84897 | Zot:1    | Noticed an orb of fire
 84908 | Zot:1    | Killed an orb of fire
 85917 | Zot:2    | Found a transporter.
 85919 | Zot:2    | Noticed dtburroughs's ghost (master MiBe)
 85922 | Zot:2    | Found a transporter.
 86786 | Lair:1   | Bought the ring of Memm {rPois rN+ Str+6 Dex+3 Stlth+} for
                  | 1328 gold pieces
 88176 | Zot:3    | Reached skill level 15 in Conjurations
 89640 | Zot:4    | Noticed an orb of fire
 89652 | Zot:4    | HP: 8/231 [orb of fire/bolt of fire (18)]
 89655 | Zot:4    | Gained mutation: You expend magic power (3 MP) to
                  | strengthen your wands. [an orb of fire]
 89656 | Zot:4    | Killed an orb of fire
 89657 | Zot:4    | Reached skill level 10 in Armour
 90150 | Zot:4    | Got a pair of shimmering gloves
 90151 | Zot:4    | Identified the +1 pair of gloves of Fettoh {rF+ rN+ Int-3
                  | Slay+3} (You found it on level 4 of the Realm of Zot)
 90483 | Zot:4    | Noticed an ancient lich
 90723 | Zot:4    | Killed an ancient lich
 90986 | Zot:4    | Identified the Tome of the Ladybird
 91390 | Zot:5    | Entered Level 5 of the Realm of Zot
 91842 | Zot:5    | Noticed an ancient lich
 91852 | Zot:5    | Killed an ancient lich
 92036 | Zot:5    | Noticed a Killer Klown
 92048 | Zot:5    | Noticed an orb of fire
 92104 | Zot:5    | Killed an orb of fire
 92117 | Zot:5    | Noticed an orb of fire
 92122 | Zot:5    | Noticed an orb of fire
 92125 | Zot:5    | Noticed an orb of fire
 92134 | Zot:5    | Noticed a Killer Klown
 92135 | Zot:5    | Killed a Killer Klown
 92196 | Zot:5    | Noticed an orb of fire
 92202 | Zot:5    | Gained mutation: You are frail. (-10% HP) [an orb of fire]
 92366 | Zot:5    | Gained mutation: Armour fits poorly on your strangely
                  | shaped body. [an orb of fire]
 92367 | Zot:5    | Killed an orb of fire
 92456 | Zot:5    | Noticed an orb of fire
 92456 | Zot:5    | Gained mutation: Your spells are a little easier to cast,
                  | but a little less powerful. [an orb of fire]
 92466 | Zot:5    | Gained mutation: You are weak. (Str -2) [an orb of fire]
 92474 | Zot:5    | Killed an orb of fire
 92596 | Zot:5    | Noticed an orb of fire
 92598 | Zot:5    | Gained mutation: You are very frail. (-20% HP) [an orb of
                  | fire]
 92604 | Zot:5    | Gained mutation: Your spells are easier to cast, but less
                  | powerful. [an orb of fire]
 92605 | Zot:5    | Gained mutation: You are extremely frail. (-30% HP) [an orb
                  | of fire]
 92624 | Zot:5    | Gained mutation: You occasionally shout uncontrollably at
                  | your foes. [an orb of fire]
 92632 | Zot:5    | Killed from afar by an orb of fire

Illustrated notes

Levels and vault maps discovered:
D:1:      ldierk_walled_garden_2, layout_loops_ring, minmay_unequal
D:2:      minmay_razor_zed, layout_basic, grunt_ministairs_1, dk_noncrumbling_4,
          dk_xom_monty_hall
D:3:      layout_rooms, chequers_ecumenical_altar_island,
          minmay_goblin_kobold_house
D:4:      layout_basic, yredelemnul_altar_generic, serial_shops, shop,
          minmay_joined_circles, uniq_grinder, uniq_pikel
D:5:      layout_cave_pools, uniq_crazy_yiuf_cottage
D:6:      layout_basic, overflow_temple_1_default, minmay_temple_entry_oklob,
          serial_shops, shop_statue, minmay_misc_feat_plants, uniq_edmund
D:7:      kennysheep_orc_sif_temple, layout_rooms, evilmike_ruin_ashenzari,
          marbit_many_paths, serial_corexii_hall, corexii_hall_statues_u,
          chequers_hall_statues_y, nemelex_altar_shiori, uniq_prince_ribbit1
D:8:      layout_cave_pools, kennysheep_mini_moat, serial_shops, shop_fountains,
          kennysheep_generic_room_10, uniq_maurice, uniq_harold
D:9:      cheibrodos_two_vegetables, layout_cave_pools, kennysheep_mini
D:10:     minmay_ornate_pinched, layout_loops_ring, dpeg_oklobed_lair,
          lemuel_blue_sif_altar
D:11:     layout_big_octagon, david_orc_4, gammafunk_ghost_arena
D:12:     layout_rooms, serial_bayou_crossing
D:13:     layout_rooms, special_room [special_room_orc]
D:14:     minmay_outward_triangles, layout_cave_pools, david_vaults_5,
          fedhas_altar_4, minmay_puff
D:15:     gammafunk_enter_depths_forms, layout_loops_cross, basic_altar,
          hangedman_abyss_or_decor_stagger, minmay_diamond_spiral, uniq_rupert
Temple:   lightli_temple_of_artemis
Lair:1:   layout_long_grid, nzn_random_ring
Lair:2:   layout_loops_ring, lemuel_fruit_tree
Lair:3:   layout_cave_pods, elwin_shoals_entry_rooms,
          guppyfry_snake_entry_island
Lair:4:   layout_cave_pods, grunt_megastairs_1
Lair:5:   gammafunk_lair_enchanted_lake, layout_layer_cave,
          minmay_lair_drake_nest
Lair:6:   cheibrodos_lair_end_hotspot, layout_loops_ring, slime_altar_1,
          st_stairs_9
Shoals:1: layout_shoals, nicolae_shoals_undead_eyrie
Shoals:2: layout_shoals, gammafunk_ghost_tricky_traps, ldierk_geyser,
          nicolae_shoals_aquamancer_cove, uniq_ilsuiw
Shoals:3: layout_shoals, st_sunken_temple
Shoals:4: shoals_end_grunt_garden, layout_shoals, nicolae_shoals_drake_roost,
          uniq_mara, uniq_nikola
Snake:1:  layout_misc_corridors, serial_bayou_shore_b, grunt_megastairs_5,
          uniq_aizul
Snake:2:  layout_layer_cave, uniq_kirke, uniq_vashnia
Snake:3:  layout_honeycomb
Snake:4:  snake_hunt, layout_cave_town, grunt_ministairs_5, minmay_shop_grove
Orc:1:    layout_caves, special_room [special_room_bee], gammafunk_ghost_arena,
          hangedman_minor_magic, uniq_fannar, uniq_jorgrun
Orc:2:    st_orc_ogre_mass, layout_diamond_mine, basic_altar
Elf:1:    minmay_elf_arrival_summoners, layout_gridlike, minmay_elf_necromancy,
          hex_intersection, laboratory
Elf:2:    layout_loops_ring, serial_shops, nicolae_shop_stone
Elf:3:    minmay_elf_hall_x, layout_geoelf_octagon, minmay_shop_star
Vaults:1: vaults_mumra_hexcomb, nicolae_vaults_arrows,
          vaults_mumra_chevron_long, nicolae_vaults_big_angled_halls,
          vaults_dpeg_ring, hangedman_vaults_capsules, ontoclasm_vaults_bender,
          v_rooms_1, v_pattern_4, ontoclasm_vaults_misaligned,
          nicolae_vaults_border_crossing, nicolae_vaults_circle_grid_b,
          nicolae_vaults_little_squares_5, nicolae_vaults_c_with_doors,
          v_misc_15, ontoclasm_vaults_fault, vaults_room_semicircle,
          layout_vaults_maze_bifur, basic_altar
Vaults:2: ontoclasm_vaults_decontamination, v_misc_14, v_pattern_3,
          nicolae_vaults_network_barrier, vaults_dpeg_spiral,
          nicolae_vaults_triangles, v_misc_12, ontoclasm_vaults_misaligned,
          vaults_room_pools, ontoclasm_vaults_pinch, nicolae_vaults_network_s,
          hangedman_vaults_hat, v_misc_13, ontoclasm_vaults_loading_screen,
          layout_vaults_omnibox
Vaults:3: ebering_vaults_ghost_xom, gammafunk_the_bubble
          [the_bubble_gammafunk_grid], ontoclasm_vaults_chip,
          minmay_crypt_entry_simple_plaza, nicolae_vaults_alarming,
          nicolae_vaults_puzzle_piece, vaults_room_door_ring, v_pattern_5,
          vaults_room_fancy_cross, serial_ice_g, v_misc_10,
          nicolae_vaults_sealed_display, nicolae_vaults_ring_of_whatevers,
          nicolae_vaults_specimen_jars, layout_vaults_big_cross
Vaults:4: ontoclasm_vaults_ring_large, v_misc_3,
          hangedman_vaults_stretched_pinwheel, nicolae_vaults_yaktaur_gun_rack,
          vaults_room_grunt_arrival_ludios, vaults_room_corners,
          layout_vaults_omnigrid, uniq_frederick
Vaults:5
Depths:1: layout_cave_shapes, serial_bayou_pond_b, rand_demon_pan_entry_8,
          grunt_hell_entry_dis_mu, lightli_fourway_metalbox,
          serial_bayou_shore_b
Depths:2: minmay_shrinking_squares, layout_gridlike, pf_hell_entry_tar_river,
          serial_shops, shop, infiniplex_staircase_zigzag_4
Depths:3: hangedman_surveillance_ring, layout_cave_pools, enter_ziggurat_d,
          chequers_serial_rivers_micro_a, abyss_entry_crystal,
          gammafunk_ghost_grave, hell_entry, pan_entry
Depths:4: minmay_the_grid_4x2 [minmay_the_grid_airy, minmay_the_grid_tri_star,
          minmay_the_grid_empty, minmay_the_grid_large_cup,
          minmay_the_grid_tiny_cups, minmay_the_grid_rooms,
          minmay_the_grid_minigrid_small_alt,
          minmay_the_grid_prize_four_corners], layout_honeycomb,
          marbit_kobold_abyss_entry, hell_entry, chequers_serial_rivers_small_b,
          pan_entry, nrook_mini_vaults, minmay_hedge_maze, uniq_xtahua,
          uniq_margery
Depths:5: grunt_zot_entry_tricorne, layout_twisted_cross,
          minmay_stone_trees_small, hell_entry, drop_trap,
          amcnicky_mini_corridor_feature, st_stairs_10, grunt_ministairs_6,
          serial_bayou_shore_b
Zot:1:    grunt_twist_and_shout, layout_concentric_octagons, zot_minivault_6
Zot:2:    layout_gridville, gammafunk_ghost_mausoleum
Zot:3:    layout_concentric_octagons
Zot:4:    layout_cathedral_of_symmetry, st_stairs_12, lemuel_lich_library
Zot:5:    layout_misc_corridors, st_stairs_14

Skill      XL: |  1  2  3  4  5  6  7  8  9 10 11 12 13 14 15 16 17 18 19 20 21 22 23 24 25 26 27 |
---------------+----------------------------------------------------------------------------------+-----
Shields        | 4 9 15 | 15.0
Fighting       | 4 5 7 9 11 12 14 17 23 | 23.3
Armour         | 4 5 6 7 11 | 11.0
Axes           | 3 4 6 8 10 12 15 17 19 21 22 23 24 | 24.2
Evocations     | 5 |  5.0
Dodging        | 4 |  4.9
Ice Magic      | 5 13 18 | 18.9
Spellcasting   | 4 9 13 14 | 14.3
Conjurations   | 3 8 9 10 12 17 | 17.1
Air Magic      | 1 7 9 |  9.0
Translocations | 4 11 13 | 13.9
Maces & Flails | 11 17 18 | 18.1

Action                   |  1- 3 |  4- 6 |  7- 9 | 10-12 | 13-15 | 16-18 | 19-21 | 22-24 | 25-27 || total
-------------------------+-------+-------+-------+-------+-------+-------+-------+-------+-------++-------
Melee: War axe           |    85 |   123 |   339 |   341 |       |       |       |       |       ||   888
       Hand axe          |       |       |       |    83 |    10 |       |       |       |       ||    93
       Executioner's axe |       |       |       |   173 |   753 |   824 |   993 |   833 |  1868 ||  5444
       Mace              |       |       |       |     4 |       |       |       |       |       ||     4
       Bardiche          |       |       |       |       |       |       |     3 |       |       ||     3
Throw: Dart              |       |       |       |       |       |     1 |     2 |    14 |       ||    17
 Cast: Frozen Ramparts   |       |       |       |       |       |     2 |     3 |       |       ||     5
       Ozocubu's Armour  |       |       |       |       |       |     1 |     2 |       |       ||     3
       Ozocubu's Refrige |       |       |       |       |       |       |    21 |     5 |    70 ||    96
       Mephitic Cloud    |       |       |       |       |       |       |     2 |       |       ||     2
       Freezing Cloud    |       |       |       |       |       |       |     1 |    41 |    61 ||   103
       Passage of Golubr |       |       |       |       |       |       |       |     4 |     3 ||     7
Invok: Call Merchant     |       |       |       |       |     3 |       |     3 |     2 |     3 ||    11
       Bribe Branch      |       |       |       |       |       |       |       |       |     1 ||     1
 Abil: Dig               |     1 |     2 |    12 |    28 |    32 |    54 |    39 |    11 |    93 ||   272
       Evoke Flight      |       |       |       |       |       |       |       |     1 |       ||     1
Evoke: Wand              |       |       |     1 |     8 |       |       |       |     1 |     4 ||    14
  Use: Scroll            |       |       |    17 |    11 |     4 |    13 |     9 |     7 |    22 ||    83
       Potion            |       |       |       |     2 |       |     4 |     2 |     1 |    12 ||    21
 Stab: Distracted        |       |       |       |     4 |     4 |     5 |    12 |     9 |    15 ||    49
       Petrifying        |       |       |       |       |       |       |     2 |       |       ||     2
       Petrified         |       |       |       |       |       |       |     2 |       |       ||     2
Armor: Scale mail        |    33 |    61 |    61 |       |       |       |       |       |       ||   155
       Ring mail         |       |       |    68 |   176 |   246 |    55 |       |       |       ||   545
       Swamp dragon scal |       |       |       |       |       |    97 |   128 |   112 |   199 ||   536
       Pearl dragon scal |       |       |       |       |       |       |       |       |   108 ||   108
Dodge: Dodged            |    33 |    72 |   153 |   179 |   212 |   229 |   228 |   216 |   425 ||  1747
Block: Kite shield       |    46 |    19 |       |       |       |   183 |       |       |       ||   248
       Buckler           |       |    12 |   107 |   265 |   256 |   105 |       |       |       ||   745
       Reflection        |       |       |     3 |     4 |    11 |   100 |   101 |   161 |    91 ||   471
       Tower shield      |       |       |       |       |       |   256 |   970 |   913 |  1441 ||  3580
